 Dungeon Crawl Stone Soup version 0.30.1-11-g7821555f0a (webtiles) character file.

Game seed: 8885334910129139442

32 RancidPinata the Sneak (level 3, -1/26 HPs)
             Began as an Octopode Delver on Jan 11, 2024.
             Killed from afar by a white imp (10 damage)
             ... with a puff of frost
             ... on level 5 of the Dungeon.
             The game lasted 00:02:44 (469 turns).

RancidPinata the Sneak (Octopode Delver)             Turns: 469, Time: 00:02:44

Health: -1/26      AC:  1    Str: 11    XL:     3   Next: 27%
Magic:  3/3        EV: 13    Int: 12    God:
Gold:   41         SH:  0    Dex: 15    Spells: 2/2 levels left

rFire   . . .        a - +0 short sword
rCold   . . .        (no shield)
rNeg    . . .        (helmet restricted)
rPois   .            (no amulet)
rElec   .            (no ring)
rCorr   .            (no ring)
SInv    .            (no ring)
Will    .....        (no ring)
Stlth   ++++         (no ring)
HPRegen 0.24/turn    (no ring)
MPRegen 0.08/turn    (no ring)
                     (no ring)

%: no passive effects
@: no status effects
A: almost no armour, amphibious, 8 rings, camouflage 1, gelatinous body 1,
(nimble swimmer 1), tentacles
a: no special abilities


You were on level 5 of the Dungeon.
You visited 1 branch of the dungeon, and saw 2 of its levels.

You collected 41 gold pieces.

Inventory:

Hand Weapons
 a - a +0 short sword (weapon)
Wands
 f - a wand of digging (3)
Scrolls
 b - a scroll of fog
 c - a scroll of magic mapping
 g - a scroll of enchant armour {unknown}
 h - a scroll of identify {unknown}
 i - a scroll of noise {unknown}
 j - a scroll of teleportation {unknown}
Potions
 d - a potion of heal wounds {unknown}
 e - a potion of haste


   Skills:
 + Level 3.3 Fighting
 + Level 2.5 Short Blades
 + Level 2.4 Dodging
 + Level 6.9 Stealth


You had 2 spell levels left.
You didn't know any spells.
Your spell library contained the following spells:

 Spells                   Type           Power      Damage    Failure   Level
 Sting                    Tmut/Pois      0%         1d3       32%         1
 Poisonous Vapours        Pois/Air       0%         N/A       45%         2
 Olgreb's Toxic Radiance  Pois           0%         N/A       97%         4


Dungeon Overview and Level Annotations

Branches:
Dungeon (6/15)
 Temple: D:4-7

Altars:


Innate Abilities, Weirdness & Mutations

You cannot wear most types of armour.
You are amphibious.
You can wear up to eight rings at the same time.
Your skin changes colour to match your surroundings (Stealth+).
Your rubbery body absorbs attacks. (AC +1, EV +1)
((You are camouflaged when in or above water. (Stealth+)))
You have tentacles for arms and can constrict up to eight enemies at once.


Message History

Your experience leads to an increase in your attributes!
Increase (S)trength, (I)ntelligence, or (D)exterity?
You feel agile. x2
There is a stone staircase leading down here.
There is a stone staircase leading down here.
You climb downwards.
There is a stone staircase leading up here.
You start resting.
HP restored.
You climb upwards.
There is a stone staircase leading down here.
Things that are here:
a +0 club; an orc corpse
Things that are here:
a +0 leather armour of fire resistance; a +0 dagger
Things that are here:
a +0 chain mail; a +0 hand axe; an orc corpse
Found a scroll labelled VIURRY FALIAPLO.
An ogre comes into view. It is wielding a +0 giant spiked club.
d - a metallic black potion
There are no items here.
You pick up a Young Poisoner's Handbook and begin reading...
You add the spells Sting, Poisonous Vapours and Olgreb's Toxic Radiance to your library.
You see here 16 gold pieces.
You now have 41 gold pieces (gained 16).
Things that are here:
a +0 leather armour of fire resistance; a +0 dagger
Things that are here:
a +0 club; an orc corpse
There is a stone staircase leading down here.
The white imp shouts, "Quit, thou feckless toad-spotted snaffler!"
The white imp gestures at you. The puff of frost misses you.
The white imp gestures at you. The puff of frost hits you!
The white imp hits you. The white imp freezes you.
You closely miss the white imp. Your grab misses the white imp.
The white imp gestures at you. The puff of frost hits you!
You die...

### . #.. #.#+ #.#
..... #5#
......#@###########
^..................
............###
.....##.###.# .....
#.# #.# .... #.#
#.# ... #.#
#.#.####### ... #.#
#.#.#.....#.# #.#
#>#.#.###.#.##


You could see a white imp.

Vanquished Creatures
  An orc priest (D:5)
  2 orcs (D:5)
3 creatures vanquished.

Notes
Turn   | Place    | Note
-------+----------+-------------------------------------------
     0 | D:5      | RancidPinata the Octopode Delver began the quest for the
                  | Orb.
     0 | D:5      | Reached XP level 1. HP: 16/16 MP: 1/1
   136 | D:6      | Noticed a steam dragon
   162 | D:5      | Noticed an orc wizard
   218 | D:5      | Noticed an orc priest
   341 | D:5      | Killed an orc priest
   342 | D:5      | Reached XP level 2. HP: 10/21 MP: 2/2
   342 | D:5      | Reached XP level 3. HP: 13/26 MP: 3/3
   418 | D:5      | Noticed an ogre
   469 | D:5      | Killed from afar by a white imp

Illustrated notes

Levels and vault maps discovered:
D:5:      layout_basic, mainiacjoe_overflow_cross_hatched, uniq_grinder,
          uniq_prince_ribbit1
D:6:      layout_gridville

Action                     || total
---------------------------++-------
  Melee: Short sword       ||    21
         Tentacles         ||     6
         Constrict         ||     4
    Use: Scroll            ||     1
 Armour: Skin              ||     1
  Dodge: Dodged            ||     8
